Map: [ESL] Alcyone

Players

Maplez

  • Race: Protoss Protoss
  • Spawn Location: 7:00

Astrea - Winner!

  • Race: Protoss Protoss
  • Spawn Location: 1:00

Event: ESL SC2 Masters 2024 Spring (Regional)

VOD

Have the link to the VOD?

Description

Time

  • Played on: April 12, 2024, 2:38 p.m.
  • Length: 4:47

All games in this series

Show
View Real Time Build Order
Export as new Build Order

Maplez Protoss 

Build Orders:  

Get SALT Encoding   

  12  0:00  Probe  
  13  0:12  Probe  
  14  0:16  Pylon  
  14  0:24  Probe (Chrono Boost)  
  16  0:36  Probe (Chrono Boost)  
  16  0:37  Gateway  
  16  0:42  Probe (Chrono Boost)  
  16  0:46  Assimilator  
  17  0:51  Probe  
  17  0:53  Assimilator  
  18  1:03  Probe (Chrono Boost)  
  19  1:08  Gateway  
  19  1:13  Probe (Chrono Boost)  
  19  1:18  Probe (Chrono Boost)  
  20  1:25  Cybernetics Core  
  21  1:29  Probe  
  22  1:35  Pylon  
  22  1:41  Probe  
  23  2:01  Robotics Facility  
  23  2:04  Stalker, Adept  
  23  2:06  Warp Gate  
  27  2:34  Stalker x2  
  30  2:39  Pylon  
  30  2:51  Gateway  
  30  2:54  Immortal (Chrono Boost)  
  34  3:07  Shield Battery  
  38  3:33  Warp Prism (Chrono Boost)  
  38  3:38  Pylon  
  34  3:55  Sentry x2  
  38  3:58  Sentry  
  38  4:02  Observer  
  41  4:06  Pylon  
  41  4:22  Pylon  
Show
View Real Time Build Order
Export as new Build Order

Astrea Protoss - Winner!

Build Orders:  

Get SALT Encoding   

  12  0:00  Probe  
  13  0:12  Probe  
  14  0:16  Pylon  
  14  0:24  Probe (Chrono Boost)  
  16  0:36  Gateway, Probe (Chrono Boost)  
  16  0:43  Probe (Chrono Boost)  
  16  0:44  Assimilator  
  17  0:51  Probe  
  17  0:53  Assimilator  
  18  1:03  Probe (Chrono Boost)  
  19  1:05  Gateway  
  20  1:12  Probe (Chrono Boost)  
  20  1:17  Probe (Chrono Boost)  
  20  1:23  Cybernetics Core  
  21  1:29  Probe  
  22  1:33  Pylon  
  22  1:41  Probe  
  23  1:53  Probe  
  24  1:59  Stalker x2, Warp Gate  
  28  2:05  Probe  
  29  2:13  Pylon  
  29  2:29  Stalker  
  31  2:31  Stalker  
  33  2:49  Nexus  
  33  2:51  Probe  
  34  3:02  Shield Battery  
  34  3:04  Probe  
  35  3:08  Sentry x2  
  39  3:17  Robotics Facility  
  38  3:30  Pylon  
  38  3:48  Shield Battery  
  38  3:49  Stalker x2  
  42  4:01  Immortal (Chrono Boost)  
  46  4:13  Stalker  
  48  4:17  Stalker  
Tags
 
Add a new tag
Caveats
  • Supply blocks, unpowered buildings, or Contaminate may cause inaccurate times.
  • Supply counts are checked every 10 seconds.